Construct Infanterie Kompanie
Selects Mechanized Battlegroup
Construct Panzergrenadier Kompanie
Nebelwerfer 42 Rocket Launcher Team
Nebelwerfer 42 Rocket Launcher Team
Selects Wespe Self-propelled Artillery
Pak 40 Anti-tank Gun Team
Panzergrenadier Officer Quarters
Wespe Self-propelled Artillery
Wespe Self-propelled Artillery
Selects StuG Assault Group
Construct Panzer Kompanie
Pak 40 Anti-tank Gun Team
Pak 40 Anti-tank Gun Team
Selects Panther Heavy Tank